 Dungeon Crawl Stone Soup version 0.26-a0-1161-g0398aca569 (webtiles) character file.

Game seed: 14171184249538990166

310 Morbidden the Slasher (level 6, 16/48 HPs)
             Began as a Demonspawn Fighter on Dec 28, 2020.
             Was an Initiate of Okawaru.
             Quit the game on level 4 of the Dungeon.
             The game lasted 00:03:33 (2653 turns).

Morbidden the Slasher (Demonspawn Fighter)          Turns: 2653, Time: 00:03:34

Health: 16/48      AC: 11    Str: 17    XL:     6   Next: 18%
Magic:  6/6        EV:  4    Int: 11    God:    Okawaru [......]
Gold:   153        SH:  9    Dex: 12    Spells: 5/5 levels left

rFire    + . .     SeeInvis .   b - +2 dagger (venom)
rCold    . . .     Faith    .   c - +0 kite shield
rNeg     . . .     Spirit   .   n - +0 plate armour
rPois    .         Reflect  .   (helmet restricted)
rElec    .         Harm     .   (no cloak)
rCorr    .         Rampage  .   (no gloves)
Will     +....                  (no boots)
Stlth    ..........             (no amulet)
HPRegen  0.16/turn              j - ring of willpower
MPRegen  0.10/turn              f - ring of protection from fire

@: no status effects
A: antennae 1, spiny 1, sturdy frame 1
a: Renounce Religion


You were on level 4 of the Dungeon.
You worshipped Okawaru.
Okawaru was noncommittal.
You visited 1 branch of the dungeon, and saw 4 of its levels.

You collected 153 gold pieces.

Inventory:

Hand Weapons
 a - a +0 long sword
 b - a +2 dagger of venom (weapon)
 p - a +1 short sword of draining
Missiles
 k - 25 poisoned darts (quivered)
 w - 3 boomerangs
Armour
 c - a +0 kite shield (worn)
 n - a +0 plate armour (worn)
 q - a +2 ring mail of cold resistance
 y - a +0 helmet
Jewellery
 f - a ring of protection from fire (right hand)
 j - a ring of willpower (left hand)
 x - an uncursed ring of poison resistance {unknown}
Wands
 u - a wand of acid (6)
Scrolls
 g - 2 scrolls of fog
 h - 3 scrolls of identify
 l - a scroll of blinking {unknown}
 s - a scroll of amnesia {unknown}
 v - 2 scrolls of teleportation
Potions
 d - a potion of might
 e - 3 potions of curing {unknown}
 i - a potion of ambrosia {unknown}
 m - a potion of degeneration {unknown}
 o - a potion of magic {unknown}
 r - a potion of lignification {unknown}
 t - a potion of flight {unknown}


   Skills:
 + Level 3.7 Fighting
 + Level 0.1(2.5) Short Blades
 * Level 4.3 Long Blades
 + Level 3.7 Armour
 + Level 0.3 Dodging
 + Level 0.2 Stealth
 + Level 3.2 Shields
 * Level 1.1 Invocations


You had 5 spell levels left.
You didn't know any spells.
Your spell library was empty.

Dungeon Overview and Level Annotations

Branches:
Dungeon (4/15)
 Temple: D:4-7

Altars:
Okawaru
Trog
Uskayaw


Innate Abilities, Weirdness & Mutations

You have a pair of small antennae on your head.
You are partially covered in sharp spines.
Your movements are slightly less encumbered by armour. (ER -2)


Message History

* * * LOW HITPOINT WARNING * * *
Found 2 blue potions.
There is an escape hatch in the floor here.
A sky beast appears from thin air!
Reactivating autopickup.
You hit the sky beast.
The sky beast is poisoned.
The sky beast is almost dead.
The sky beast flickers out of sight!
Deactivating autopickup; reactivate with Ctrl-A.
Okawaru is honoured by your kill.
Reactivating autopickup.
You feel a bit more experienced.
Your Invocations skill increases to level 1!
You have reached level 6!
Your experience leads to an increase in your attributes!
Increase (S)trength, (I)ntelligence, or (D)exterity?
You feel clever.
Your demonic ancestry asserts itself...
A pair of antennae grows on your head!
Unknown command.
Are you sure you want to abandon this character and quit the game? (Confirm with "yes".)

#.......)......... .
#................. .##
#..........<#..#..
...#................#
#.#............#..## #.
#...[..>............ #.
###....##........... #.
##..†.....#.........
#.####..@##.####.........
##......####.# #.........
###..##..## ##.#
#.#.##.... #....#..##
#..####...###...
#....<.## #..##.....#
#... #...)###
##........## ##.. ####..#
#.........#####.. ##.#
#.........##..... #.#
#........###.##..


There were no monsters in sight!

Vanquished Creatures
  A sky beast (D:4)
  An orc wizard (D:3)
  A worker ant (D:3)
  A gnoll (D:1)
  7 adders
  6 worms
  2 dart slugs (D:2)
  4 leopard geckos
  6 orcs (D:3)
  2 bats
  10 goblins
  6 hobgoblins
  A jackal (D:2)
  3 quokkas
  A ball python (D:3)
  10 frilled lizards
  A jackal skeleton (D:4)
  4 kobolds
  10 rats
77 creatures vanquished.

Vanquished Creatures (others)
  3 plants (D:1)
3 creatures vanquished.

Grand Total: 80 creatures vanquished

Notes
Turn   | Place    | Note
-------+----------+-------------------------------------------
     0 | D:1      | Morbidden the Demonspawn Fighter began the quest for the
                  | Orb.
     0 | D:1      | Reached XP level 1. HP: 18/18 MP: 1/1
    93 | D:1      | Reached skill level 2 in Long Blades
    93 | D:1      | Gained mutation: You are partially covered in sharp spines.
                  | [demonic ancestry]
    93 | D:1      | Reached XP level 2. HP: 15/24 MP: 2/2
   814 | D:2      | Gained mutation: Your movements are slightly less
                  | encumbered by armour. (ER -2) [demonic ancestry]
   814 | D:2      | Reached XP level 3. HP: 25/29 MP: 3/3
  1170 | D:2      | Reached XP level 4. HP: 30/35 MP: 4/4
  1171 | D:2      | Found a hide-covered altar of Uskayaw.
  1290 | D:2      | Reached skill level 3 in Long Blades
  1930 | D:3      | Reached XP level 5. HP: 30/39 MP: 5/5
  2140 | D:3      | Found a bloodstained altar of Trog.
  2194 | D:3      | Found an iron altar of Okawaru.
  2218 | D:3      | Became a worshipper of Warmaster Okawaru
  2563 | D:4      | Reached skill level 4 in Long Blades
  2614 | D:4      | Noticed a sky beast
  2652 | D:4      | Killed a sky beast
  2653 | D:4      | Reached skill level 1 in Invocations
  2653 | D:4      | Gained mutation: You have a pair of small antennae on your
                  | head. [demonic ancestry]
  2653 | D:4      | Reached XP level 6. HP: 16/48 MP: 6/6
  2653 | D:4      | Quit the game

Illustrated notes

Levels and vault maps discovered:
D:1:      scummos_arrival_gate, layout_rooms, serial_forest,
          infiniplex_forest_clump_diagonal, infiniplex_forest_clump_long,
          infiniplex_forest_clump_long, infiniplex_forest_clump_double,
          infiniplex_forest_lined_corner, infiniplex_forest_straight_4,
          minmay_misc_feat_encased, hangedman_abyss_or_decor_lesser_grid,
          hangedman_decor_growths
D:2:      minmay_skewed_foursquare, layout_loops_ring,
          lemuel_coloured_pillars_altar
D:3:      layout_rooms, lemuel_round_altar, trog_three_pillars_becter
D:4:      layout_rooms, guppyfry_shop_venom

Skill      XL: |  1  2  3  4  5 |
---------------+----------------+-----
Long Blades    | 2 3 4 |  4.3
Armour         | 3 |  3.7
Shields        | 3 |  3.2
Invocations    | 1 |  1.1
Fighting       | |  3.7
Short Blades   | |  0.1
Dodging        | |  0.3
Stealth        | |  0.2

Action                   |  1- 3 |  4- 6 || total
-------------------------+-------+-------++-------
Melee: Long sword        |    86 |   101 ||   187
       Dagger            |       |    23 ||    23
  Use: Scroll            |       |     3 ||     3
Armor: Scale mail        |     4 |       ||     4
       Chain mail        |    35 |    12 ||    47
       Plate armour      |       |    41 ||    41
Dodge: Dodged            |    14 |    15 ||    29
Block: Kite shield       |    36 |    47 ||    83
       Rpst.: Long sword |     4 |     4 ||     8

Table legend: (Time is in decaauts)
 A = Elapsed time spent in this place.
 B = Non-inter-level travel time spent in this place.
 C = Inter-level travel time spent in this place.
 D = Time resting spent in this place.
 E = Time spent auto-exploring this place.
 F = Levels seen in this place.
 G = Mean time per level.
                   A        B        C        D        E       F      G
               +--------+--------+--------+--------+--------+-----+--------+
         Total |   2712 |   2656 |     56 |    148 |   1907 |   4 |  678.0 |
       Dungeon |   2712 |   2656 |     56 |    148 |   1907 |   4 |  678.0 |
               +--------+--------+--------+--------+--------+-----+--------+

Top non-repeatable levels by time:
     D:2: 1074 daAuts
     D:1: 811 daAuts
     D:3: 701 daAuts
     D:4: 125 daAuts
